 Dungeon Crawl Stone Soup version 0.30.1 (webtiles) character file.

Game seed: 8310607419523486615

2207 Cheops the Basher (level 9, -4/70 HPs)
             Began as a Minotaur Fighter on July 7, 2023.
             Was a Follower of Makhleb.
             Killed from afar by an electric eel (14 damage)
             ... with a bolt of electricity
             ... in a bailey on July 8, 2023.
             The game lasted 00:15:05 (5697 turns).

Cheops the Basher (Minotaur Fighter)                Turns: 5697, Time: 00:15:06

Health: -4/70      AC:  7    Str: 25    XL:     9   Next: 13%
Magic:  14/14      EV: 15    Int: 11    God:    Makhleb [*.....]
Gold:   303        SH:  5    Dex: 10    Spells: 8/8 levels left

rFire   . . .        a - +2 whip (venom)
rCold   . . .        c - +0 buckler
rNeg    . . .        C - +0 acid dragon scales
rPois   .            (helmet restricted)
rElec   .            (no cloak)
rCorr   +            (no gloves)
SInv    .            (no boots)
Will    .....        u - amulet of regeneration
Stlth   +            e - +6 ring of intelligence
HPRegen 1.11/turn    w - +5 ring of evasion
MPRegen 0.14/turn

%: no passive effects
@: mighty
A: horns 2, retaliatory headbutt
a: Renounce Religion


You were in a bailey.
You worshipped Makhleb.
Makhleb was aware of your devotion.
You visited 2 branches of the dungeon, and saw 8 of its levels.
You also visited: Bailey.

You collected 303 gold pieces.

Inventory:

Hand Weapons
 a - a +2 whip of venom (weapon)
 b - a +0 flail
 A - the +7 long sword "Uklasou" {pain, Str+5 Int+4 Dex-3}
   (You found it on level 4 of the Dungeon)

   Str:       It affects your strength (+5).
   Int:       It affects your intelligence (+4).
   Dex:       It affects your dexterity (-3).
Armour
 c - a +0 buckler (worn)
 j - a +0 scale mail
 C - +0 acid dragon scales (worn)
Jewellery
 e - a +6 ring of intelligence (left hand)
 u - an amulet of regeneration (around neck)
 w - a +5 ring of evasion (right hand)
Wands
 y - a wand of flame (21)
Scrolls
 g - a scroll of poison {unknown}
 o - a scroll of enchant weapon {unknown}
 p - 2 scrolls of fear {unknown}
 r - a scroll of teleportation {unknown}
 s - 2 scrolls of noise {unknown}
 t - 2 scrolls of blinking {unknown}
 v - 2 scrolls of enchant armour {unknown}
 z - a scroll of summoning {unknown}
Potions
 f - 4 potions of haste {unknown}
 h - a potion of mutation {unknown}
 i - 4 potions of heal wounds {unknown}
 k - 2 potions of curing {unknown}
 l - a potion of flight {unknown}
 n - a potion of brilliance {unknown}
 q - 4 potions of attraction {unknown}
 x - 2 potions of lignification {unknown}
 B - a potion of magic
 D - a potion of ambrosia


   Skills:
 - Level 3.6 Fighting
 - Level 10.0 Maces & Flails
 * Level 4.9 Armour
 * Level 4.9 Shields
 - Level 8.0 Invocations


You had 8 spell levels left.
You didn't know any spells.
Your spell library contained the following spells:

 Spells                   Type           Power      Damage    Failure   Level
 Apportation              Tloc           0%         N/A       45%         1
 Necrotise                Necr           0%         1d4       45%         1
 Summon Small Mammal      Summ           0%         N/A       45%         1


Dungeon Overview and Level Annotations

Branches:
Dungeon (7/15)             Temple (1/1) D:4          Bailey (1/1)

Altars:
Ashenzari
Cheibriados
Dithmenos
Elyvilon
Fedhas
Gozag
Hepliaklqana
Kikubaaqudgha
Makhleb
Nemelex Xobeh
Okawaru
Qazlal
Ru
Sif Muna
Trog
Uskayaw
Vehumet
Xom
Yredelemnul
Zin

Shops:
D:2 [([

Annotations:
D:5 3 runed translucent doors, GimliDwarf's ghost, novice GnWn


Innate Abilities, Weirdness & Mutations

You have a pair of horns on your head.
You reflexively headbutt those who attack you in melee.


Message History

The orc warrior shouts!
You hear a shout! x2
Found a gate leading back out of this place.
An electric eel comes into view.
Found a scroll labelled WAENKO OHYX and a scroll labelled NOHUEN VIPSAEPS.
The orc warrior hits you with a +0 war axe!
You barely miss the orc warrior.
The orc warrior hits you with a +0 war axe!
You hit the orc warrior.
The orc warrior is poisoned.
Your headbutt misses the orc warrior.
The orc warrior is lightly wounded.
The orc warrior closely misses you.
You barely miss the orc warrior.
The orc warrior is lightly wounded.
You miss the electric eel.
The electric eel shoots out a bolt of lightning at you!
The bolt of electricity hits you!
* * * LOW HITPOINT WARNING * * *
The bolt of electricity hits you!
* * * LOW HITPOINT WARNING * * *
The bolt of electricity hits the electric eel.
The electric eel completely resists.
The orc warrior closely misses you.
You hit the orc warrior.
The orc warrior looks even sicker.
You headbutt the orc warrior!
The orc warrior is severely wounded.
A hobgoblin comes into view. It is wielding a +0 hand axe.
The orc warrior attacks as you move away!
You block the orc warrior's attack.
The electric eel shoots out a bolt of lightning at you!
The bolt of electricity hits you.
* * * LOW HITPOINT WARNING * * *
The orc warrior attacks as you move away!
The orc warrior hits you with a +0 war axe!
* * * LOW HITPOINT WARNING * * *
The orc warrior attacks as you move away!
The orc warrior misses you.
The electric eel shoots out a bolt of lightning at you!
The bolt of electricity hits the orc warrior!
The orc warrior dies!
The bolt of electricity misses you. The bolt of electricity hits you!
You die...

).# #).# #)#
#)## ..# #).#
..# #..# ..#
#..# ..# #..#
..# #).# +##
### ##)#+# #.?
#.@..# #.?
#....#
##.######).###
..g........'$#
~~~~~~~S######
≈≈≈≈≈≈≈≈≈
≈≈≈≈≈≈≈≈≈≈
≈≈≈≈≈≈≈≈≈≈≈
≈≈≈≈≈≈≈≈≈≈≈≈


You could see an electric eel.

Vanquished Creatures
  Maggie (D:7)
  A black bear (D:6)
  5 orc warriors (Bailey)
  An ice beast (D:6)
  3 ogres
  A bullfrog (D:6)
  A scorpion (D:5)
  5 wights (D:6)
  An electric eel (D:6)
  A howler monkey (D:6)
  3 jellies (D:6)
  4 hounds (D:6)
  A sleepcap (D:6)
  2 iguanas
  A scorpion zombie (D:3)
  A hound skeleton (D:3)
  A howler monkey skeleton (D:3)
  Robin (D:2)
  4 gnolls
  5 adders
  2 ufetubi
  3 adder skeletons (D:3)
  An adder zombie (D:3)
  3 worms (D:2)
  2 dart slugs
  9 orcs
  8 ball pythons
  10 endoplasms
  3 giant cockroaches
  21 goblins
  14 hobgoblins
  3 jackals (D:4)
  A quokka (D:4)
  A ball python skeleton (D:3)
  5 bats
  2 frilled lizards
  A giant cockroach zombie (D:3)
  A jackal skeleton (D:3)
  A jackal zombie (D:3)
  5 kobolds
  A quokka skeleton (D:3)
  A quokka zombie (D:3)
  4 rats
145 creatures vanquished.

Vanquished Creatures (others)
  An orc warrior (Bailey)
1 creature vanquished.

Grand Total: 146 creatures vanquished

Notes
Turn   | Place    | Note
-------+----------+-------------------------------------------
     0 | D:1      | Cheops the Minotaur Fighter began the quest for the Orb.
     0 | D:1      | Reached XP level 1. HP: 19/19 MP: 0/0
   103 | D:1      | Reached skill level 3 in Maces & Flails
   151 | D:1      | Reached XP level 2. HP: 17/26 MP: 1/1
   599 | D:1      | Reached skill level 4 in Maces & Flails
  1062 | D:2      | Noticed Robin
  1064 | D:2      | Reached XP level 3. HP: 29/31 MP: 2/2
  1071 | D:2      | Killed Robin
  1205 | D:2      | Reached skill level 5 in Maces & Flails
  1267 | D:2      | Found Gyug's Weapon Shop.
  1407 | D:2      | Reached XP level 4. HP: 33/39 MP: 3/3
  1551 | D:2      | Found Kiguzij's Antique Armour Shoppe.
  1699 | D:2      | Found Osedeg's Antique Armour Boutique.
  1949 | D:3      | Reached skill level 6 in Maces & Flails
  1969 | D:3      | Reached XP level 5. HP: 43/45 MP: 4/4
  2179 | D:3      | Reached skill level 7 in Maces & Flails
  2327 | D:3      | Found a blossoming altar of Fedhas.
  2592 | D:4      | Identified the +7 long sword "Uklasou" {pain, Str+5 Int+4
                  | Dex-3}
  2600 | D:4      | Noticed an ogre
  2607 | D:4      | Noticed an ogre
  2616 | D:4      | Killed an ogre
  2617 | D:4      | Reached XP level 6. HP: 42/51 MP: 5/5
  2735 | D:4      | Found a staircase to the Ecumenical Temple.
  2745 | Temple   | Entered the Ecumenical Temple
  2892 | Temple   | Became a worshipper of Makhleb the Destroyer
  3010 | D:4      | Reached skill level 8 in Maces & Flails
  3634 | D:5      | Entered Level 5 of the Dungeon
  3909 | D:5      | Found a runed translucent gate.
  3909 | D:5      | Found a runed translucent gate.
  3910 | D:5      | Found a runed translucent gate.
  3911 | D:5      | Identified the +7 mace "Apro" {heavy, rN+ Will+}
  3914 | D:5      | Noticed GimliDwarf's ghost (novice GnWn)
  3935 | D:5      | Reached skill level 9 in Maces & Flails
  4041 | D:5      | Reached XP level 7. HP: 45/57 MP: 6/6
  4120 | D:5      | Found a shadowy altar of Dithmenos.
  4186 | D:5      | Identified the +4 robe "Fimick" {Dex+3}
  4571 | D:6      | Reached skill level 10 in Maces & Flails
  4590 | D:6      | Reached skill level 1 in Invocations
  4957 | D:6      | Reached XP level 8. HP: 64/64 MP: 8/10
  4963 | D:6      | Reached skill level 5 in Invocations
  5416 | D:7      | Noticed Maggie
  5441 | D:7      | Killed Maggie
  5469 | D:7      | Found a flagged portal.
  5484 | Bailey   | Entered a bailey
  5520 | Bailey   | Reached * piety under Makhleb
  5630 | Bailey   | Reached XP level 9. HP: 47/70 MP: 14/14
  5697 | Bailey   | Killed from afar by an electric eel

Illustrated notes

Levels and vault maps discovered:
D:1:      dpeg_arrival_tiny_f, layout_loops_corners, serial_forest,
          infiniplex_forest_straight_4, infiniplex_forest_lined_4_way,
          infiniplex_forest_straight_2, infiniplex_forest_clump_tiny,
          infiniplex_forest_clump_tiny, infiniplex_forest_clump_double,
          minmay_misc_feat_x, minmay_misc_feat_rugged, st_stairs_9,
          nicolae_concentric_dashed_squares_mild, corexii_hall_statues_x
D:2:      layout_loops_ring, serial_shops, nicolae_shop_window_shopping, shop,
          shop, uniq_robin
D:3:      layout_rooms, fedhas_altar_fruit_tree, serial_undead, serial_undead_a,
          serial_undead_b, serial_undead_e, serial_undead_d
D:4:      layout_loops_ring, minmay_temple_entry_waves, nrook_loot_triangle
D:5:      layout_rooms, nicolae_dithmenos_the_darkroom,
          biasface_ghost_orc_armoury
D:6:      layout_rooms, minivault_4, st_stairs_14
D:7:      layout_gridville, lemuel_coloured_pillars_altar, enter_bailey_7,
          uniq_menkaure, uniq_maggie
Temple:   regret_index_temple_mists
Bailey:   bailey_axe_of_yendor_kennysheep, bailey

Skill      XL: |  1  2  3  4  5  6  7  8 |
---------------+-------------------------+-----
Maces & Flails | 3 4 5 6 7 9 10 | 10.0
Invocations    | 4 8 |  8.0
Armour         | 4 |  4.9
Shields        | 4 |  4.9
Fighting       | |  3.6

Action                     |  1- 3 |  4- 6 |  7- 9 || total
---------------------------+-------+-------+-------++-------
  Melee: Flail             |    52 |    13 |    29 ||    94
         Headbutt          |    12 |    23 |    44 ||    79
         Whip              |    39 |   113 |   156 ||   308
    Use: Scroll            |       |       |     4 ||     4
         Potion            |       |       |     1 ||     1
 Armour: Scale mail        |    38 |    28 |     9 ||    75
         Acid dragon scale |       |       |     7 ||     7
  Dodge: Dodged            |    37 |    60 |    66 ||   163
  Block: Buckler           |    16 |    14 |    20 ||    50
